 Dungeon Crawl Stone Soup version 0.17.1-3-g152610e (webtiles) character file.

322 juanjsm the Sneak (level 6, -2/30 HPs)
             Began as a Spriggan Enchanter on Mar 17, 2016.
             Killed from afar by an orc wizard (6 damage)
             ... with a puff of frost
             ... on level 4 of the Dungeon.
             The game lasted 00:24:37 (3930 turns).

juanjsm the Sneak (Spriggan Enchanter)              Turns: 3930, Time: 00:24:37

Health: -2/30      AC:  3    Str:  4    XL:     6   Next: 22%
Magic:  3/12       EV: 19    Int: 19    God:
Gold:   198        SH:  0    Dex: 16    Spells: 5 memorised, 0 levels left

rFire  + . .     SeeInvis +     r - +0 dagger (freeze)
rCold  . . .     Clarity  .     b - +1 robe
rNeg   . . .     SustAt   .     (shield restricted)
rPois  .         Gourm    .     (helmet restricted)
rElec  .         Spirit   .     (no cloak)
rCorr  .         Warding  .     (gloves unavailable)
rMut   .         Stasis   .     (boots unavailable)
MR     +....                    (no amulet)
Stlth  ++++......               (no ring)
                                k - ring of protection from fire

@: very slightly contaminated, very quick, somewhat resistant to hostile
enchantments, stealthy
A: unfitting armour, see invisible, herbivore 3, speed 3, slow metabolism 2
a: no special abilities


You were on level 4 of the Dungeon.
You were not hungry.

You visited 1 branch of the dungeon, and saw 4 of its levels.

You collected 198 gold pieces.

Inventory:

Hand Weapons
 a - a +1 dagger
 r - a +0 dagger of freezing (weapon)
Armour
 b - a +1 robe (worn)
Jewellery
 k - a ring of protection from fire (left hand)
Scrolls
 f - a scroll of identify
 j - a scroll of amnesia {unknown}
 l - a scroll of remove curse {unknown}
 n - a scroll of random uselessness {unknown}
 o - a scroll of fear {unknown}
 p - a scroll of enchant weapon {unknown}
 q - 2 scrolls of blinking
Potions
 e - 3 potions of curing
 g - a potion of degeneration {unknown}
 h - 2 potions of ambrosia
 i - a potion of cancellation {unknown}
 m - a potion of haste {unknown}
Books
 c - a book of Maledictions

   Spells                             Type                      Level
   a - Corona                         Hexes                        1
   b - Ensorcelled Hibernation        Hexes/Ice                    2
   c - Confuse                        Hexes                        3
   d - Tukima's Dance                 Hexes                        3
   e - Dazzling Spray                 Conjuration/Hexes            3
Comestibles
 d - 3 bread rations


   Skills:
 * Level 1.6 Fighting
 * Level 2.6 Short Blades
 * Level 4.0 Dodging
 * Level 6.8 Stealth
 * Level 3.8 Spellcasting
 * Level 4.8 Hexes
 + Level 0.7 Ice Magic


You couldn't memorise any spells.
You knew the following spells:

 Your Spells              Type           Power        Failure   Level  Hunger
a - Corona                Hex            ###....      1%          1    None
b - Ensorcelled Hibernat  Hex/Ice        ##....       10%         2    ##.....
c - Confuse               Hex            ###.....     8%          3    ###....
d - Dazzling Spray        Conj/Hex       ##......     17%         3    ###....
e - Tukima's Dance        Hex            ###.....     8%          3    ###....


Dungeon Overview and Level Annotations

Branches:
Dungeon (4/15)
 Temple: D:4-7

Altars:
Gozag
Trog


Innate Abilities, Weirdness & Mutations

You are tiny and cannot use many weapons and most armour.
You have supernaturally acute eyesight.
You are a herbivore.
You cover ground extremely quickly.
You need consume almost no food.


Message History

The orc priest casts a cantrip, but nothing happens.
The orc wizard gestures at you while chanting.
The magic dart hits you!
Casting: Ensorcelled Hibernation
Confirm with . or Enter, or press ? or * to list all spells.
Aiming: Ensorcelled Hibernation
Press: ? - help, Shift-Dir - straight line, f/p - orc priest
Aim: an orc priest, wielding a falchion and wearing a leather armour (chance to defeat MR: 45%)
You miscast Ensorcelled Hibernation.
You are very lightly contaminated with residual magic.
You feel uncomfortably cold.
The orc priest invokes the aid of Beogh against you.
Something smites you!
* * * LOW HITPOINT WARNING * * *
The orc wizard gestures at you while chanting.
The puff of flame hits you! You resist.
* * * LOW HITPOINT WARNING * * *
The orc wizard points at you and mumbles some strange words.
The puff of frost hits you!
You die...

########### #...##o.
#........†########.o.....
#.....>...'.......o......
#........o##.###.........
####....oo<.†...#.#......
#.#.#o###)####.#$...?.
#.#...###.# #........
#.#.#.....# ##.......
#.#.#@....# #.......
#.#...##### #.######
#...#.# #.# ###.### #. #


You could see 2 orc priests, an orc wizard and an orc.

Vanquished Creatures
  The ghost of BlackMage the Covered, an amateur HuFi of Okawaru (D:3)
  A hound (D:4)
  An orc wizard (D:3)
  7 adders
  A river rat (D:3)
  An ooze (D:3)
  4 worms (D:3)
  4 giant geckos
  4 orcs (D:3)
  3 ball pythons
  9 bats
  5 giant cockroaches
  7 hobgoblins
  8 kobolds
  5 giant newts
  12 goblins
  12 jackals
  10 rats
95 creatures vanquished.

Notes
Turn   | Place    | Note
--------------------------------------------------------------
     0 | D:1      | juanjsm the Spriggan Enchanter began the quest for the Orb.
     0 | D:1      | Reached XP level 1. HP: 9/9 MP: 5/5
   236 | D:1      | Reached XP level 2. HP: 13/13 MP: 6/6
   244 | D:1      | Learned a level 2 spell: Ensorcelled Hibernation
   894 | D:2      | Reached XP level 3. HP: 17/17 MP: 6/8
  1018 | D:2      | Reached skill level 5 in Stealth
  1045 | D:2      | Learned a level 3 spell: Confuse
  1638 | D:2      | Found an opulent altar of Gozag.
  2048 | D:3      | Found a glowing drain.
  2118 | D:3      | Reached XP level 4. HP: 14/21 MP: 9/9
  2123 | D:3      | Learned a level 3 spell: Dazzling Spray
  2174 | D:3      | Reached skill level 1 in Fighting
  2233 | D:3      | Noticed BlackMage's ghost (amateur HuFi)
  2331 | D:3      | Killed BlackMage's ghost
  2331 | D:3      | Reached skill level 6 in Stealth
  2331 | D:3      | Reached XP level 5. HP: 25/25 MP: 0/11
  2637 | D:3      | Noticed a moth of wrath
  2640 | D:3      | Found a bloodstained altar of Trog.
  3729 | D:3      | Reached XP level 6. HP: 30/30 MP: 1/12
  3754 | D:3      | Learned a level 3 spell: Tukima's Dance
  3930 | D:4      | Killed from afar by an orc wizard

Action                   |  1- 3 |  4- 6 || total
-------------------------+-------+-------++-------
Melee: Dagger            |    91 |   132 ||   223
 Cast: Corona            |    13 |    17 ||    30
       Ensorcelled Hiber |    29 |    34 ||    63
       Confuse           |       |     6 ||     6
  Use: Scroll            |       |     3 ||     3
 Stab: Sleeping          |    36 |    25 ||    61
       Confused          |       |     5 ||     5
  Eat: Bread ration      |       |     1 ||     1
